 Dungeon Crawl Stone Soup version 0.28-a0-1447-ga5a8893891 (webtiles) character file.

Game seed: 15497439605655019657

1292 riojii the Covered (level 8, -3/74 HPs)
             Began as a Deep Dwarf Fighter on Jan 11, 2022.
             Was an Initiate of Makhleb.
             Killed by divine providence
             ... invoked by an orc priest
              (8 damage)
             ... on level 5 of the Dungeon.
             The game lasted 00:09:00 (3614 turns).

riojii the Covered (Deep Dwarf Fighter)             Turns: 3614, Time: 00:09:01

Health: -3/74      AC: 15    Str: 23    XL:     8   Next: 30%
Magic:  7/7        EV:  9    Int:  8    God:    Makhleb [......]
Gold:   181        SH:  5    Dex: 12    Spells: 7/7 levels left

rFire   . . .      SeeInvis .   r - +2 hand axe (vorpal)
rCold   . . .      Faith    .   c - +0 buckler
rNeg    . . .      Spirit   .   b - +0 scale mail
rPois   .          Reflect  .   o - +2 helmet
rElec   .          Harm     .   (no cloak)
rCorr   .          Rampage  .   (no gloves)
Will    +....                   (no boots)
Stlth   ..........              (no amulet)
HPRegen 0.00/turn               l - +4 ring of protection
MPRegen 0.10/turn               (no ring)

@: no status effects
A: damage resistance, heal wounds, sense surroundings 1, no regeneration
a: Heal Wounds, Renounce Religion


You were on level 5 of the Dungeon.
You worshipped Makhleb.
Makhleb was noncommittal.
You visited 2 branches of the dungeon, and saw 6 of its levels.

You collected 181 gold pieces.

Inventory:

Hand Weapons
 r - a +2 vorpal hand axe (weapon)
Missiles
 p - 14 poisoned darts
Armour
 b - a +0 scale mail (worn)
 c - a +0 buckler (worn)
 o - a +2 helmet (worn)
Jewellery
 l - a +4 ring of protection (left hand)
 q - a ring of protection from cold
Wands
 m - a wand of iceblast (11)
 n - a wand of flame (1)
Scrolls
 g - a scroll of teleportation
 h - a scroll of identify
 i - 2 scrolls of fog
Potions
 a - 3 potions of curing
 d - 3 potions of might
 e - 4 potions of brilliance
 f - a potion of resistance
 j - a potion of flight
 k - 2 potions of invisibility {unknown}


   Skills:
 + Level 5.3 Fighting
 + Level 6.0 Axes
 + Level 6.4 Armour
 + Level 6.3 Shields


You had 7 spell levels left.
You didn't know any spells.
Your spell library contained the following spells:

 Spells                   Type           Power      Damage    Failure   Level
 Ensorcelled Hibernation  Hex/Ice        0%         N/A       89%         2
 Spider Form              Tmut/Pois      0%         N/A       98%         3
 Anguish                  Hex/Necr       0%         N/A       100%        4


Dungeon Overview and Level Annotations

Branches:
Dungeon (5/15)             Temple (1/1) D:4

Altars:
Cheibriados
Dithmenos
Elyvilon
Fedhas
Gozag
Hepliaklqana
Kikubaaqudgha
Makhleb
Okawaru
Qazlal
Ru
Uskayaw
Vehumet
Wu Jian
Xom
Yredelemnul
Zin
The Shining One

Shops:
D:3 =([


Innate Abilities, Weirdness & Mutations

You are resistant to damage.
You can heal yourself by infusing magical energy.
You passively map a small area around you.
You do not regenerate.


Message History

You barely miss something. You barely miss the orc priest.
You block the orc's attack. Something hits you but does no damage.
The orc priest hits you but does no damage.
An orc comes into view. It is wielding a +0 hand axe.
You slash the ogre!
You kill the ogre!
Makhleb accepts your kill.
You barely miss the orc priest. You miss something. The orc misses you.
You block something's attack.
The orc priest invokes the aid of Beogh against you.
Beogh smites you!
* * * LOW HITPOINT WARNING * * *
You slash the orc priest!
The orc priest is heavily wounded.
You closely miss something. The orc barely misses you.
Something hits you but does no damage.
The orc priest hits you but does no damage.
You hit the orc priest.
The orc priest is almost dead.
You hit something but do no damage. The orc barely misses you.
Something hits you.
The orc priest invokes the aid of Beogh against you.
You resist with significant effort. The orc barely misses you.
You hit the orc priest.
The orc priest is heavily wounded.
You slash something! Makhleb accepts your kill.
Reactivating autopickup.
You feel a bit more experienced.
You hit the orc priest but do no damage.
The orc priest mumbles some strange prayers to Beogh against you.
Beogh smites you!
* * * LOW HITPOINT WARNING * * *
The orc hits you from afar with a +0 trident.
* * * LOW HITPOINT WARNING * * *
Your Axes skill increases to level 6!
You fail to use your ability.
The orc priest mumbles some strange prayers to Beogh against you.
Beogh smites you!
You die...

####..##.................
#........#...............
..####..##.(.............
* .##
#....#............... ,
####..#..<...............
.....# .##.......##.....#
...### ####......######.#
...###. #.....).# .......
####..@o# * ...### #.)oo#
* ...# #..o.# ** ...# **
#..o.# ...# ...... * ..>#
, ###.#### ....... * .. ,
..##### * *.. ** ... , ,


You could see 2 orc priests and 3 orcs.

Vanquished Creatures
  Grinder (D:3)
  A sky beast (D:4)
  An ogre (D:5)
  A necrophage (D:4)
  A bullfrog (D:4)
  A scorpion (D:4)
  A water moccasin skeleton (D:5)
  3 wights (D:4)
  2 bullfrog zombies (D:5)
  2 centaur zombies (D:4)
  A hound (D:5)
  A human zombie (D:4)
  A jelly (D:4)
  2 iguanas
  3 orc wizards
  A hound zombie (D:4)
  4 mummies (D:4)
  Robin (D:2)
  2 adders
  A shadow imp (D:4)
  13 orcs
  5 ball pythons
  6 endoplasms
  A giant cockroach (D:2)
  10 goblins
  8 hobgoblins
  5 jackals (D:3)
  6 kobolds
  5 quokkas
  6 bats
  3 frilled lizards
  A quokka skeleton (D:4)
  6 rats
106 creatures vanquished.

Notes
Turn   | Place    | Note
-------+----------+-------------------------------------------
     0 | D:1      | riojii the Deep Dwarf Fighter began the quest for the Orb.
     0 | D:1      | Reached XP level 1. HP: 20/20 MP: 1/1
   132 | D:1      | Reached XP level 2. HP: 25/27 MP: 2/2
   732 | D:2      | Identified the +8 spear "Jeesusy" {vorpal, Drain rPois
                  | Str+3}
   753 | D:2      | Found a shadowy altar of Dithmenos.
   824 | D:2      | Noticed Robin
   832 | D:2      | Reached XP level 3. HP: 22/34 MP: 3/3
   839 | D:2      | Killed Robin
   934 | D:2      | You fall into a shaft and drop 2 floors!
   939 | D:4      | Reached XP level 4. HP: 36/42 MP: 4/4
  1218 | D:3      | Noticed Grinder
  1251 | D:3      | Killed Grinder
  1252 | D:3      | Reached XP level 5. HP: 31/50 MP: 5/5
  1252 | D:3      | Reached XP level 6. HP: 35/57 MP: 6/6
  1277 | D:3      | Found Hontiqiu's Armour Shop.
  1481 | D:3      | Found a faded altar of an unknown god.
  1726 | D:3      | Found Vom Mela's Weapon Emporium.
  1799 | D:3      | Found Taig's Jewellery Boutique.
  2425 | D:4      | Reached skill level 5 in Armour
  2425 | D:4      | Reached skill level 5 in Shields
  2505 | D:4      | Found a staircase to the Ecumenical Temple.
  2516 | Temple   | Entered the Ecumenical Temple
  2645 | Temple   | Became a worshipper of Makhleb the Destroyer
  2982 | D:4      | Reached XP level 7. HP: 18/64 MP: 6/6
  3109 | D:4      | Found a white marble altar of Elyvilon.
  3181 | D:4      | Reached skill level 5 in Axes
  3184 | D:4      | Found a basalt altar of Yredelemnul.
  3406 | D:5      | Entered Level 5 of the Dungeon
  3481 | D:5      | Reached skill level 5 in Fighting
  3481 | D:5      | Reached XP level 8. HP: 32/74 MP: 7/7
  3614 | D:5      | Killed from afar by an orc priest

Illustrated notes

Levels and vault maps discovered:
D:1:      heliophobic_arrival_glass_houses, layout_basic, chequers_jeans,
          item_on_display_a
D:2:      layout_basic, basic_altar, uniq_robin
D:3:      layout_loops_corners, serial_shops, shop_statue, nicolae_shop_stone,
          shop, ebering_ecumenical_altar_rust, uniq_grinder
D:4:      layout_basic, lemuel_mausoleum_altar_yredelemnul,
          nicolae_elyvilon_temple_path, minmay_temple_entry_statues_pillars
D:5:      layout_rooms, mainiacjoe_overflow_boulevard, uniq_blork_the_orc
Temple:   nicolae_temple_elliptical

Skill      XL: |  1  2  3  4  5  6  7  8 |
---------------+-------------------------+-----
Fighting       | 3 4 5 |  5.3
Axes           | 3 4 5 6 |  6.0
Armour         | 4 5 6 |  6.4
Shields        | 4 5 6 |  6.3

Action                   |  1- 3 |  4- 6 |  7- 9 || total
-------------------------+-------+-------+-------++-------
Melee: War axe           |    72 |    43 |       ||   115
       Hand axe          |       |    94 |   150 ||   244
 Abil: Heal Wounds       |     1 |     2 |     4 ||     7
  Use: Scroll            |       |    10 |     5 ||    15
       Potion            |       |       |     1 ||     1
Armor: Scale mail        |    42 |    56 |    68 ||   166
Dodge: Dodged            |    40 |    49 |    58 ||   147
Block: Buckler           |    16 |    28 |    30 ||    74

Table legend: (Time is in decaauts)
 A = Elapsed time spent in this place.
 B = Non-inter-level travel time spent in this place.
 C = Inter-level travel time spent in this place.
 D = Time resting spent in this place.
 E = Time spent auto-exploring this place.
 F = Levels seen in this place.
 G = Mean time per level.
                   A        B        C        D        E       F      G
               +--------+--------+--------+--------+--------+-----+--------+
         Total |   3664 |   3543 |    121 |    241 |   2407 |   6 |  610.7 |
       Dungeon |   3507 |   3409 |     98 |    241 |   2295 |   5 |  701.4 |
        Temple |    156 |    133 |     23 |      0 |    112 |   1 |  156.0 |
               +--------+--------+--------+--------+--------+-----+--------+

Top non-repeatable levels by time:
     D:4: 1086 daAuts
     D:3: 1052 daAuts
     D:1: 687 daAuts
     D:2: 471 daAuts
     D:5: 210 daAuts
  Temple: 156 daAuts
